 Dungeon Crawl Stone Soup version 0.30.0-18-gc0e69614cb (webtiles) character file.

Game seed: 5382481396039218365

36 Kranky the Ruffian (level 3, 0/35 HPs)
             Began as a Troll Warper on May 24, 2023.
             Slain by an adder (2 damage)
             ... on level 2 of the Dungeon.
             The game lasted 00:01:18 (775 turns).

Kranky the Ruffian (Troll Warper)                    Turns: 775, Time: 00:01:18

Health: 0/35       AC:  4    Str: 19    XL:     3   Next: 19%
Magic:  3/3        EV: 10    Int: 11    God:
Gold:   48         SH:  0    Dex:  9    Spells: 4/4 levels left

rFire   . .          .
                       - Unarmed
rCold   . . .        (no shield)
rNeg    . . .        a - +0 robe
rPois   .            (helmet restricted)
rElec   .            (no cloak)
rCorr   .            (gloves unavailable)
SInv    .            (boots unavailable)
Will    .....        (no amulet)
Stlth   +            (no ring)
HPRegen 1.05/turn    (no ring)
MPRegen 0.08/turn

%: no passive effects
@: lethally poisoned (0 -> -1)
A: large, unfitting armour, claws 3, regeneration 1, shaggy fur 1, tough skin 1
a: no special abilities


You were on level 2 of the Dungeon.
You visited 1 branch of the dungeon, and saw 2 of its levels.

You collected 48 gold pieces.

Inventory:

Missiles
 c - 7 boomerangs of dispersal (quivered)
 h - a throwing net
Armour
 a - a +0 robe (worn)
Jewellery
 f - a +6 ring of dexterity
Scrolls
 b - a scroll of blinking
 d - a scroll of identify {unknown}
Potions
 e - a potion of ambrosia {unknown}
 g - 2 potions of degeneration {unknown}
 i - a potion of brilliance {unknown}
 j - 3 potions of lignification {unknown}


   Skills:
 + Level 2.0 Fighting
 - Level 0.8 Throwing
 + Level 1.0 Armour
 + Level 2.3 Dodging
 + Level 2.4 Unarmed Combat
 - Level 1.2 Spellcasting
 - Level 2.1 Translocations


You had 4 spell levels left.
You didn't know any spells.
Your spell library contained the following spells:

 Spells                   Type           Power      Damage    Failure   Level
 Blink                    Tloc           10%        N/A       19%         2
 Lesser Beckoning         Tloc           10%        N/A       19%         2
 Beastly Appendage        Tmut           0%         N/A       32%         1
 Teleport Other           Tloc           5%         N/A       36%         3
 Wereblood                Tmut           0%         N/A       43%         2
 Vhi's Electric Charge    Tloc/Air       6%         N/A       52%         3
 Spider Form              Tmut/Pois      0%         N/A       67%         3
 Stone Arrow              Conj/Erth      0%         3d7       67%         3
 Manifold Assault         Tloc           5%         N/A       77%         4
 Animate Armour           Summ/Erth      0%         N/A       97%         4
 Lehudib's Crystal Spear  Conj/Erth      0%         10d2      100%        8


Dungeon Overview and Level Annotations

Branches:
Dungeon (2/15)

Altars:

Shops:
D:2 :


Innate Abilities, Weirdness & Mutations

You are too large for most types of armour.
You have claws for hands.
Your natural rate of healing is unusually fast.
You are covered in fur. (AC +1)
You have tough skin. (AC +1)


Message History

The adder barely misses you. The adder bites you but does no damage.
You closely miss the adder.
The adder is severely wounded.
You feel sick. The adder bites you but does no damage.
The adder barely misses you. The adder bites you.
You miss the adder.
The adder is severely wounded.
You feel sick. The adder barely misses you. The adder completely misses you.
You scratch the adder but do no damage.
The adder is severely wounded.
You feel sick. The adder bites you. The adder barely misses you.
A hobgoblin comes into view.
The adder bites you.
You are more poisoned.
The adder poisons you!
You feel very sick. The adder attacks as you move away!
The adder barely misses you.
You feel sick. The adder closely misses you.
You feel sick.
The hobgoblin shouts!
The adder bites you but does no damage. x2
The adder attacks as you move away! The adder bites you.
You feel sick.
You feel sick. The hobgoblin barely misses you.
The adder attacks as you move away! The adder misses you.
You feel sick. The adder bites you.
* * * LOW HITPOINT WARNING * * *
You are more poisoned.
The adder poisons you! The hobgoblin attacks as you move away!
The hobgoblin barely misses you.
You feel sick. The adder attacks as you move away! The adder bites you.
* * * LOW HITPOINT WARNING * * *
You are more poisoned.
The adder poisons you! The adder attacks as you move away! The adder bites you.
* * * LOW HITPOINT WARNING * * *
x2 You feel sick.
There is a stone staircase leading up here.
* * * LOW HITPOINT WARNING * * *
You feel sick. The adder closely misses you. The adder bites you.
You die...

## #. #... #.#####
#....#.#...#
#....#.)@#†########
+......SS#.........
#.......g#.........
#.....#............
#[........#########
#.....###.#
#.....#...#
..#+#.#...#
#.#.....###


You could see 2 adders and a hobgoblin.

Vanquished Creatures
  A dart slug (D:1)
  4 ball pythons (D:1)
  2 bats
  3 endoplasms (D:1)
  A giant cockroach (D:2)
  3 goblins (D:1)
  3 hobgoblins (D:1)
  3 jackals (D:1)
  A quokka (D:1)
  2 frilled lizards
  3 kobolds (D:1)
  4 rats
30 creatures vanquished.

Notes
Turn   | Place    | Note
-------+----------+-------------------------------------------
     0 | D:1      | Kranky the Troll Warper began the quest for the Orb.
     0 | D:1      | Reached XP level 1. HP: 19/19 MP: 1/1
    63 | D:1      | Reached XP level 2. HP: 28/28 MP: 2/2
   540 | D:1      | Reached XP level 3. HP: 35/35 MP: 3/3
   624 | D:1      | Reached skill level 1 in Armour
   755 | D:2      | Found Qeatzose's Book Shop.
   775 | D:2      | Slain by an adder

Illustrated notes

Levels and vault maps discovered:
D:1:      heliophobic_arrival_ceremonial_halls, layout_basic
D:2:      layout_basic, ebering_ecumenical_altar_petrified, serial_shops,
          nicolae_shop_pleasant_corner_grove

Skill      XL: |  1  2  3 |
---------------+----------+-----
Dodging        | 2 |  2.3
Fighting       | 2 |  2.0
Armour         | 1 |  1.0
Throwing       | |  0.8
Unarmed Combat | |  2.4
Spellcasting   | |  1.2
Translocations | |  2.1

Action                     || total
---------------------------++-------
  Melee: Unarmed           ||    73
 Armour: Robe              ||    27
  Dodge: Dodged            ||    34
